 Dungeon Crawl Stone Soup version 0.24-a0-201-gf205589 (webtiles) character file.

Game seed: 7587730928152489306

2372 Ijustatesigmund the Covert (level 9, 0/62 HPs)
             Began as an Octopode Assassin on Mar 21, 2019.
             Slain by a warg (10 damage)
             ... on level 9 of the Dungeon.
             The game lasted 00:20:53 (6410 turns).

Ijustatesigmund the Covert (Octopode Assassin)      Turns: 6410, Time: 00:20:53

Health: 0/62       AC:  1    Str: 15    XL:     9   Next: 45%
Magic:  9/9        EV: 15    Int: 13    God:
Gold:   286        SH:  0    Dex: 17    Spells: 4/8 levels left

rFire    . . .     SeeInvis .   k - +3 short sword (elec)
rCold    . . .     Gourm    .   (no shield)
rNeg     . . .     Faith    .   (helmet restricted)
rPois    +         Spirit   .   (no amulet)
rElec    .         Reflect  .   i - ring of poison resistance
rCorr    .         Harm     .   (no ring)
MR       .....                  (no ring)
Stlth    ++++++....             (no ring)
HPRegen  0.20/turn              (no ring)
MPRegen  0.11/turn              (no ring)
                                (no ring)
                                (no ring)

@: mighty, very slightly contaminated
A: almost no armour, stealthy swim, amphibious, 8 rings, constrict 8, camouflage
1, gelatinous body 1
a: no special abilities


You were on level 9 of the Dungeon.
You were not hungry.

You visited 1 branch of the dungeon, and saw 8 of its levels.
You also visited: Ossuary.

You collected 286 gold pieces.

Inventory:

Hand Weapons
 a - a +2 dagger
 b - a +0 blowgun
 k - a +3 short sword of electrocution (weapon)
 m - a +1 short sword of freezing
Missiles
 c - 40 poisoned needles
 g - 7 javelins
 l - 2 curare-tipped needles
 n - 6 poisoned javelins
 r - 22 sling bullets
 y - a throwing net (quivered)
Armour
 s - a +0 large shield
Jewellery
 i - a ring of poison resistance (left tentacle)
Wands
 d - a wand of paralysis (10)
Scrolls
 t - 3 scrolls of remove curse
 u - 3 scrolls of identify
Potions
 h - a potion of magic
 j - a potion of agility
 o - 2 potions of flight
 q - 3 potions of brilliance
 A - a potion of resistance
Comestibles
 f - 5 rations


   Skills:
 - Level 5.7 Fighting
 - Level 6.6 Short Blades
 - Level 4.5 Throwing
 - Level 4.1 Dodging
 - Level 10.2 Stealth
 - Level 3.0 Shields
 * Level 0.0 Transmutations
 + Level 0.0 Poison Magic


You had 4 spell levels left.
You knew the following spells:

 Your Spells              Type           Power        Failure   Level  Hunger
a - Beastly Appendage     Tmut           #.....       30%         1    ##.....
b - Spider Form           Tmut/Pois      #.........   67%         3    ####...

Your spell library contained the following spells:

 Spells                   Type           Power        Failure   Level  Hunger
 Sticks to Snakes         Tmut           #.......     43%         2    ###....
 Ice Form                 Ice/Tmut       #.......     97%         4    #####..
 Blade Hands              Tmut           #.........   100%        5    ######.


Dungeon Overview and Level Annotations

Branches:
Dungeon (7/15)             Temple (0/1) D:4            Lair (0/6) D:9

Altars:
Cheibriados
Dithmenos
Nemelex Xobeh
Qazlal
Ru


Innate Abilities, Weirdness & Mutations

You cannot wear most types of armour.
You are very stealthy in the water. (Stealth+)
You are amphibious.
You can wear up to eight rings at the same time.
You can use your tentacles to constrict eight enemies at once.
Your skin changes colour to match your surroundings (Stealth+).
Your rubbery body absorbs attacks. (AC +1, EV +1)


Message History

You are very lightly contaminated with residual magic.
The orc closely misses you. The warg barely misses you.
The warg barely misses you. The warg completely misses you. The warg bites you.
The warg closely misses you.
You flicker for a moment.
The orc priest mumbles some strange prayers to Beogh against something.
The warg resists with significant effort.
The warg completely misses you. The warg bites you!
* * * LOW HITPOINT WARNING * * *
You flicker back into view.
Okay, then.
You feel very mighty all of a sudden. The warg barely misses you.
You hit the warg but do no damage.
The warg is heavily wounded.
The warg stops to sniff the ground.
The warg bites you!
You die...

...⌠.⌠.#....#....#........#
.......#....#....#........#
.......#....#....#........#
.......#....#....#........#
......##...##....#........#
...........#..............#
...........#..............#
...........#...hh#........#
...........#....@#....o...######
...........#.....#.............#
####..######.....#.............#
.................#.............#
.................#.............#
.................#........#....##
.................##########......
....))...#.......# #......
....######.......# ##...##


You could see 2 wargs.

Vanquished Creatures
  Grinder (D:3)
  Sigmund (D:3)
  Duvessa (D:5)
  An orc warrior (D:9)
  A phantom (D:4)
  3 centaurs
  A bullfrog (D:6)
  Dowan (D:5)
  11 scorpions
  A howler monkey (D:9)
  3 crimson imps
  A centaur zombie (Ossuary)
  2 hounds (D:5)
  4 orc wizards
  A quasit (D:6)
  3 human zombies (Ossuary)
  A centaur skeleton (D:9)
  An orc priest (D:6)
  Jessica (D:2)
  An iguana (D:5)
  2 worker ants
  3 mummies (Ossuary)
  2 scorpion zombies (Ossuary)
  9 adders
  3 worms
  2 dart slugs (D:1)
  4 leopard geckos
  19 orcs
  7 giant cockroaches
  6 gnoll zombies (Ossuary)
  4 goblins (D:1)
  10 hobgoblins
  3 jackals (D:5)
  8 kobolds
  3 quokkas
  A ball python (D:3)
  8 bats
  10 frilled lizards
  3 goblin zombies (Ossuary)
  A kobold zombie (Ossuary)
  2 orc zombies (Ossuary)
  A quokka skeleton (D:5)
  A quokka zombie (D:6)
  11 rats
163 creatures vanquished.

Notes
Turn   | Place    | Note
-------+----------+-------------------------------------------
     0 | D:1      | Ijustatesigmund the Octopode Assassin began the quest for
                  | the Orb.
     0 | D:1      | Reached XP level 1. HP: 14/14 MP: 1/1
    67 | D:1      | Reached XP level 2. HP: 12/20 MP: 2/2
   514 | D:1      | Reached XP level 3. HP: 18/25 MP: 3/3
  1153 | D:2      | Noticed Jessica
  1157 | D:2      | Killed Jessica
  1157 | D:2      | Reached XP level 4. HP: 31/31 MP: 4/4
  1537 | D:2      | Reached XP level 5. HP: 31/37 MP: 5/5
  1931 | D:3      | Noticed Sigmund
  1953 | D:3      | Killed Sigmund
  1953 | D:3      | Reached XP level 6. HP: 23/44 MP: 6/6
  2350 | D:3      | Noticed Grinder
  2367 | D:3      | Killed Grinder
  2367 | D:3      | Reached skill level 6 in Stealth
  2367 | D:3      | Reached XP level 7. HP: 38/49 MP: 7/7
  3108 | D:4      | Found a staircase to the Ecumenical Temple.
  3184 | D:4      | Found a sand-covered staircase.
  3201 | Ossuary  | Entered an ossuary
  3219 | Ossuary  | Reached skill level 1 in Shields
  3250 | Ossuary  | Reached skill level 7 in Stealth
  3258 | Ossuary  | Reached XP level 8. HP: 21/54 MP: 8/8
  4544 | D:4      | Found a stormy altar of Qazlal.
  4723 | D:4      | Found a sacrificial altar of Ru.
  4858 | D:5      | Entered Level 5 of the Dungeon
  4876 | D:5      | Reached skill level 8 in Stealth
  4954 | D:5      | Reached skill level 5 in Short Blades
  5125 | D:5      | Reached skill level 5 in Fighting
  5196 | D:5      | Noticed Duvessa
  5201 | D:5      | Reached skill level 9 in Stealth
  5203 | D:5      | Noticed Dowan
  5214 | D:5      | Killed Duvessa
  5214 | D:5      | Reached XP level 9. HP: 34/61 MP: 9/9
  5459 | D:5      | Found a shadowy altar of Dithmenos.
  5463 | D:5      | You fall through a shaft!
  5696 | D:5      | Killed Dowan
  6011 | D:6      | You fall through a shaft for 3 floors!
  6034 | D:9      | Found a sparkling altar of Nemelex Xobeh.
  6037 | D:9      | Reached skill level 10 in Stealth
  6202 | D:9      | Found a snail-covered altar of Cheibriados.
  6222 | D:9      | Learned a level 1 spell: Beastly Appendage
  6226 | D:9      | Learned a level 3 spell: Spider Form
  6387 | D:9      | Found a staircase to the Lair.
  6410 | D:9      | Slain by a warg

Levels and vault maps discovered:
D:1:      minmay_arrival_five_plusses, layout_basic
D:2:      layout_basic, uniq_jessica
D:3:      layout_loops_ring, first_ration, uniq_grinder, uniq_sigmund
D:4:      layout_rooms, lemuel_round_altar, nicolae_ru_sacrificial_ziggurat,
          minmay_temple_entry_statues_pillars,
          nicolae_ossuary_entry_false_entrances, chequers_serial_rivers_micro_b,
          minmay_close_crescents
D:5:      layout_loops_cross, kennysheep_little_box, serial_glass,
          glass_columns_a, glass_columns_a, uniq_duvessa
D:6:      layout_cave_pools, chequers_temple_overflow_minitemple, led_sif_pool,
          chequers_serial_rivers_room_b
D:7:      layout_loops_cross, basic_altar, uniq_pikel
D:9:      lemuel_bear_cage, layout_grid_maze, nemelex_xobeh_ov_fountains_minmay,
          erik_lair_orcish_takeover, basic_altar
Ossuary:  ossuary_minmay_scorpions

Skill      XL: |  1  2  3  4  5  6  7  8  9 |
---------------+----------------------------+-----
Fighting       | 3 4 5 |  5.7
Short Blades   | 3 4 5 6 |  6.6
Dodging        | 2 3 4 |  4.1
Stealth        | 6 7 9 10 | 10.2
Throwing       | 3 4 |  4.5
Shields        | 1 3 |  3.0

Action                   |  1- 3 |  4- 6 |  7- 9 || total
-------------------------+-------+-------+-------++-------
Melee: Dagger            |    41 |       |       ||    41
       Constrict         |    16 |    14 |    46 ||    76
       Tentacles         |    10 |    15 |    33 ||    58
       Short sword       |    13 |    68 |   224 ||   305
 Fire: Blowgun           |       |     5 |       ||     5
Throw: Javelin           |     4 |       |    13 ||    17
       Throwing net      |       |       |     2 ||     2
  Use: Scroll            |       |     5 |    15 ||    20
       Potion            |       |     4 |     7 ||    11
 Stab: Sleeping          |    10 |     8 |    19 ||    37
       Invisible         |       |       |     1 ||     1
       Distracted        |       |       |     1 ||     1
  Eat: Chunk             |       |     4 |     3 ||     7
       Ration            |       |       |     3 ||     3
Armor: Skin              |     6 |     5 |     6 ||    17
Dodge: Dodged            |    42 |    35 |   114 ||   191

Table legend:
 A = Non-vault XP
 B = Vault XP
 C = Vault XP percentage of total XP
 D = Non-vault monster count
 E = Vault monster count
 F = Vault count percentage of total count
                 A         B        C        D         E       F
            +---------+---------+-------+---------+---------+-------
      Total |    1762 |    1627 |  48.0 |     125 |      38 |  23.3
            +---------+---------+-------+---------+---------+-------
        D:1 |      53 |       0 |   0.0 |      31 |       0 |   0.0
        D:2 |      85 |      37 |  30.3 |      13 |       1 |   7.1
        D:3 |     149 |     489 |  76.6 |      36 |       2 |   5.3
        D:4 |     121 |      38 |  23.9 |       2 |       3 |  60.0
        D:5 |     532 |     218 |  29.1 |      22 |       2 |   8.3
        D:6 |     495 |       0 |   0.0 |      12 |       0 |   0.0
        D:9 |     327 |       0 |   0.0 |       9 |       0 |   0.0
    Ossuary |       0 |     845 | 100.0 |       0 |      30 | 100.0
            +---------+---------+-------+---------+---------+-------
